 Dungeon Crawl Stone Soup version 0.30-a0-728-gc68057be0a (webtiles) character file.

Game seed: 57172136337383237

175 sokol815 the Changer (level 5, -2/38 HPs)
             Began as a Demigod Earth Elementalist on Jan 31, 2023.
             Slain by an ice beast (5 damage)
             ... on level 4 of the Dungeon.
             The game lasted 00:06:07 (2609 turns).

sokol815 the Changer (Demigod Earth Elementalist)   Turns: 2609, Time: 00:06:07

Health: -2/38      AC:  3    Str:  9    XL:     5   Next: 8%
Magic:  6/10       EV: 12    Int: 21    God:
Gold:   117        SH:  0    Dex: 14    Spells: 3/7 levels left

rFire   . . .      SeeInvis .    a - +2 dagger (freeze)
rCold   . . .      Faith    .    (no shield)
rNeg    . . .      Spirit   .    g - +0 robe
rPois   .          Reflect  .    (no helmet)
rElec   .          Harm     .    e - +0 cloak
rCorr   .          Rampage  .    (no gloves)
Will    .....                    (no boots)
Stlth   ++                       (no amulet)
HPRegen 0.26/turn                Z - ring of wizardry {Wiz+, !d}
MPRegen 0.12/turn                (no ring)

@: no status effects
A: high MP 1, forlorn, divine attributes
a: no special abilities


You were on level 4 of the Dungeon.
You visited 1 branch of the dungeon, and saw 6 of its levels.

You collected 117 gold pieces.

Inventory:

Hand Weapons
 a - a +2 dagger of freezing (weapon)
   (You found it on level 2 of the Dungeon)
 h - a +0 vampiric whip
   (You took it off a kobold on level 1 of the Dungeon)
Missiles
 o - 8 poisoned darts
 s - 27 stones
Armour
 e - a +0 cloak (worn)
   (You found it on level 2 of the Dungeon)
 g - a +0 robe (worn)
Jewellery
 Z - a ring of wizardry (left hand) {Wiz+, !d}
   (You found it on level 4 of the Dungeon)
Wands
 p - a wand of paralysis (10)
   (You found it on level 3 of the Dungeon)
Scrolls
 c - a scroll of noise {unknown}
 d - a scroll of enchant weapon {unknown}
 f - a scroll of torment {unknown}
 i - 2 scrolls of teleportation {unknown}
 j - a scroll of poison {unknown}
 m - a scroll of magic mapping {unknown}
 n - a scroll of summoning {unknown}
 q - a scroll of acquirement {unknown}
 E - a scroll of fear
Potions
 b - a potion of berserk rage {unknown}
 k - a potion of magic
 l - a potion of attraction {unknown}
 r - a potion of curing {unknown}
 H - a potion of haste


   Skills:
 - Level 1.7 Dodging
 - Level 1.7 Stealth
 - Level 1.7 Spellcasting
 + Level 4.1 Transmutations
 + Level 3.6 Earth Magic


You had 3 spell levels left.
You knew the following spells:

 Your Spells              Type           Power      Damage    Failure   Level
a - Sandblast             Erth           34%        2d9       1%          1
x - Stone Arrow           Conj/Erth      18%        3d8       9%          3

Your spell library contained the following spells:

 Spells                   Type           Power      Damage    Failure   Level
 Passwall                 Tmut/Erth      15%        N/A       1%          2
 Inner Flame              Hex/Fire       1%         N/A       17%         3
 Petrify                  Tmut/Erth      18%        N/A       12%         4
 Cause Fear               Hex            0%         N/A       50%         4
 Discord                  Hex            0%         N/A       100%        8


Dungeon Overview and Level Annotations

Branches:
Dungeon (6/15) Zot: 26909
 Temple: D:4-7

Shops:
D:3 *


Innate Abilities, Weirdness & Mutations

You have an increased reservoir of magic. (+10% MP)
You shall have no god before yourself.
Your divine heritage dramatically boosts your attributes as you level up.


Message History

An iguana is nearby!
Aim: an iguana (84% to hit)
The blast of sand hits the iguana!
You now have 6/9 mp.
Aim: an iguana (heavily wounded, 84% to hit)
The blast of sand hits the iguana.
Aim: an iguana (heavily wounded, 84% to hit)
The blast of sand hits the iguana.
The iguana closely misses you.
You now have 5/9 mp.
Aim: an iguana (severely wounded, 84% to hit)
The blast of sand hits the iguana.
The iguana bites you! The iguana closely misses you.
You take 7 damage, and have 26/33 hp.
MASSIVE DAMAGE!!
You now have 4/9 mp.
Aim: an iguana (almost dead, 84% to hit)
The blast of sand hits the iguana but does no damage.
The iguana bites you!
You take 8 damage, and have 18/33 hp.
MASSIVE DAMAGE!!
You now have 3/9 mp.
Aim: an iguana (almost dead, 84% to hit)
The blast of sand hits the iguana!
You kill the iguana!
Training target 4.0 for Transmutations reached!
Your Transmutations skill increases to level 4!
You need to enable at least one skill for training.
You have reached level 5!
You regained 3 hp, and now have 21/38 hp.
You now have 2/10 mp.
You see here an iguana corpse.
There is a burning altar of Makhleb here.
You now have 109 gold pieces (gained 11).
Found a stone staircase leading up.
Health restored: 38; MP restored: 10
There is a stone staircase leading up here.
l - an emerald potion
There is a stone staircase leading up here.
You climb upwards.
There is a stone staircase leading down here.
An orc comes into view. It is wielding a +0 falchion.
The blast of sand hits the orc!
You kill the orc!
You now have 9/10 mp.
Things that are here:
a +0 falchion; an orc corpse MP restored: 10
i - 2 scrolls labelled BIFOCAT DESS (gained 1)
Found a stone staircase leading down.
Found a stone staircase leading up.
Found a stone staircase leading down.
A hound comes into view.
The hound barks!
An iguana comes into view.
There is a stone staircase leading up here.
The iguana hisses angrily.
You climb upwards.
There is a stone staircase leading down here.
An endoplasm comes into view.
The blast of sand hits the endoplasm!
You kill the endoplasm!
You now have 9/10 mp.
r - a fizzy pink potion MP restored: 10 You now have 117 gold pieces (gained 8).
Z - a ring of wizardry {Wiz+, !d}
Z - a ring of wizardry (left hand) {Wiz+, !d}
Okay, then.
An ice beast and an endoplasm come into view.
The helpless ice beast fails to defend itself.
You hit the ice beast.
The ice beast hits you but does no damage.
Aim: an ice beast (moderately wounded, 82% to hit)
The blast of sand hits the ice beast but does no damage.
The ice beast misses you.
You now have 9/10 mp.
Aim: an ice beast (moderately wounded, 82% to hit)
The blast of sand hits the ice beast.
The ice beast barely misses you. The ice beast hits you.
The ice beast freezes you!
You take 16 damage, and have 22/38 hp.
MASSIVE DAMAGE!!
You now have 8/10 mp.
Aim: an ice beast (heavily wounded, 82% to hit)
The blast of sand misses the ice beast.
The ice beast hits you. The ice beast freezes you!
You take 10 damage, and have 12/38 hp.
MASSIVE DAMAGE!!
You now have 7/10 mp.
Aim: an ice beast (heavily wounded, 82% to hit)
The blast of sand hits the ice beast.
The ice beast hits you.
* * * LOW HITPOINT WARNING * * *
The ice beast freezes you.
* * * LOW HITPOINT WARNING * * *
The ice beast hits you.
* * * LOW HITPOINT WARNING * * *
The ice beast freezes you.
You die...

.#.#.#.#.#.#.###
.#...#...#...#..##
##.#.#.#.#.#.#.#... .#
##...#...#...#...#.# ..$
..#.#.#.#.#.#.#.##.#
##..##.#...#...#...#.#.#
.....!#.#.#.#.#.#.#.##.#
.........#...#...#...#.#
#@#.#.#.#.#.#.##.#
#Y#...#...#...#.#.#
..#.#.#.#.#.#.#.##.#
...#...#...#...#..[#.#
......#.#.#.#.#.#.#.#..#
.$.##..#...#...#...#..##
..J .?..#.#.#.#.#.#.###
.. #.#.##.###########
#... #.


You could see an ice beast and an endoplasm (asleep).

Vanquished Creatures
  An iguana (D:6)
  Terence (D:3)
  3 adders
  2 white imps (D:6)
  An ufetubus (D:6)
  A dart slug (D:3)
  6 orcs
  5 ball pythons
  7 endoplasms
  4 giant cockroaches
  5 goblins
  5 hobgoblins
  4 jackals (D:3)
  8 kobolds
  7 quokkas
  2 bats
  2 frilled lizards (D:2)
  2 rats
66 creatures vanquished.

Notes
Turn   | Place    | Note
-------+----------+-------------------------------------------
     0 | D:1      | sokol815 the Demigod Earth Elementalist began the quest for
                  | the Orb.
     0 | D:1      | Reached XP level 1. HP: 14/14 MP: 5/5
   123 | D:1      | Reached skill level 3 in Earth Magic
   281 | D:1      | Reached XP level 2. HP: 20/20 MP: 5/7
   629 | D:1      | Reached skill level 1 in Transmutations
  1016 | D:2      | Reached XP level 3. HP: 26/26 MP: 6/8
  1073 | D:2      | Reached skill level 2 in Transmutations
  1913 | D:3      | Reached skill level 3 in Transmutations
  1929 | D:3      | Noticed Terence
  1944 | D:3      | Reached XP level 4. HP: 26/33 MP: 5/9
  2169 | D:3      | HP: 3/33 [Terence/+0 mace (7)]
  2171 | D:3      | Killed Terence
  2247 | D:3      | Found Gozag's Platinum Reserve.
  2289 | D:3      | You fall into a shaft and drop 3 floors!
  2309 | D:6      | Learned a level 3 spell: Stone Arrow
  2375 | D:6      | Reached skill level 4 in Transmutations
  2375 | D:6      | Reached XP level 5. HP: 21/38 MP: 2/10
  2477 | D:5      | Entered Level 5 of the Dungeon
  2604 | D:4      | Noticed an ice beast
  2609 | D:4      | HP: 5/38 [ice beast (6)]
  2609 | D:4      | Slain by an ice beast

Illustrated notes

Levels and vault maps discovered:
D:1:      giann_horns, layout_basic
D:2:      layout_loops_ring, chequers_arboretum
D:3:      layout_basic, nicolae_gozag_zags_fifth_avenue, serial_shops,
          nicolae_shop_trees, hangedman_decor_points, uniq_terence
D:4:      layout_loops_cross, kennysheep_slug_shrine, kennysheep_crisscross
D:5:      layout_loops_ring, mainiacjoe_overflow_six_doors_small,
          nicolae_ru_path_of_blood, grunt_dithmenos_shadows
D:6:      layout_loops_ring, mainiacjoe_overflow_brackets,
          nicolae_hepliaklqana_monster_ancestors, overflow_temple_1_default,
          minmay_temple_entry_nine_rooms, chequers_serial_rivers_micro_c

Skill      XL: |  1  2  3  4 |
---------------+-------------+-----
Earth Magic    | 3 |  3.6
Transmutations | 1 3 4 |  4.1
Dodging        | |  1.7
Stealth        | |  1.7
Spellcasting   | |  1.7

Action                     |  1- 3 |  4- 6 || total
---------------------------+-------+-------++-------
  Melee: Unarmed           |    10 |       ||    10
         Whip              |     3 |       ||     3
         Dagger            |     6 |    19 ||    25
   Cast: Sandblast         |    61 |    42 ||   103
    Use: Scroll            |     2 |     1 ||     3
         Potion            |       |     2 ||     2
   Stab: Sleeping          |       |     1 ||     1
 Armour: Robe              |    12 |    11 ||    23
  Dodge: Dodged            |    10 |    54 ||    64

Table legend: (Time is in decaauts)
 A = Elapsed time spent in this place.
 B = Non-inter-level travel time spent in this place.
 C = Inter-level travel time spent in this place.
 D = Time resting spent in this place.
 E = Time spent auto-exploring this place.
 F = Levels seen in this place.
 G = Mean time per level.
                   A        B        C        D        E       F      G
               +--------+--------+--------+--------+--------+-----+--------+
         Total |   2657 |   2629 |     28 |    108 |   2060 |   6 |  442.8 |
       Dungeon |   2657 |   2629 |     28 |    108 |   2060 |   6 |  442.8 |
               +--------+--------+--------+--------+--------+-----+--------+

Top non-repeatable levels by time:
     D:2: 998 daAuts
     D:1: 832 daAuts
     D:3: 498 daAuts
     D:6: 194 daAuts
     D:4: 89 daAuts
     D:5: 44 daAuts

Table legend:
 A = Kills in this place as a percentage of kills in entire the game.
 B = Kills by you in this place as a percentage of kills by you in the entire game.
 C = Kills by friends in this place as a percentage of kills by friends in the entire game.
 D = Other kills in this place as a percentage of other kills in the entire game.
 E = Experience gained in this place as a percentage of experience gained in the entire game.
 F = Experience gained in this place divided by the number of levels of this place that you have seen.
                   A       B       C       D       E      F
               +-------+-------+-------+-------+-------+----------------------
         Total | 100.0 | 100.0 |   N/A |   N/A | 100.0 |  41.8
       Dungeon | 100.0 | 100.0 |   N/A |   N/A | 100.0 |  41.8
               +-------+-------+-------+-------+-------+----------------------
